 Dungeon Crawl Stone Soup version 0.21-a0-348-ga060c75 (webtiles) character file.

65 Softman25 the Charmwright (level 4, 0/38 HPs)
             Began as a Gnoll Skald on Oct 6, 2017.
             Slain by a bat (1 damage)
             ... on level 2 of the Dungeon.
             The game lasted 00:01:13 (1005 turns).

Softman25 the Charmwright (Gnoll Skald)             Turns: 1005, Time: 00:01:13

Health: 0/38       AC:  4    Str: 18    XL:     4   Next: 13%
Magic:  9/11       EV: 14    Int: 16    God:
Gold:   21         SH:  4    Dex: 15    Spells: 12/13 levels left

rFire    . . .     SeeInvis .   a - +0 spear
rCold    . . .     Gourm    .   m - +0 buckler
rNeg     . . .     Faith    .   b - +0 leather armour
rPois    .         Spirit   .   (no helmet)
rElec    .         Reflect  .   (no cloak)
rCorr    .         Harm     .   e - +0 pair of gloves
MR       .....                  (no boots)
Stlth    ++........             (no amulet)
HPRegen  0.12/turn              (no ring)
MPRegen  0.12/turn              (no ring)

@: mighty, lethally poisoned (0 -> -3), very slightly contaminated, invisible
(expiring)
A: distributed training, fangs 1, strong nose
a: no special abilities


You were on level 2 of the Dungeon.
You were not hungry.

You visited 1 branch of the dungeon, and saw 2 of its levels.

You collected 21 gold pieces.

Inventory:

Hand Weapons
 a - a +0 spear (weapon)
Armour
 b - a +0 leather armour (worn)
 e - a +0 pair of gloves (worn)
 m - a +0 buckler (worn)
Scrolls
 g - 2 scrolls of identify {unknown}
 i - a scroll of enchant armour {unknown}
Potions
 h - a potion of flight {unknown}
Books
 c - a book of Battle

   Spells                             Type                      Level
   a - Infusion                       Charms                       1
   b - Shroud of Golubria             Charms/Translocation         2
   c - Song of Slaying                Charms                       2
   d - Spectral Weapon                Hexes/Charms                 3
   e - Regeneration                   Charms/Necromancy            3
Comestibles
 d - a bread ration
 f - 2 royal jellies
 j - 2 meat rations


   Skills:
 + Level 4.6 Fighting
 + Level 1.0 Short Blades
 + Level 1.0 Long Blades
 + Level 1.0 Axes
 + Level 1.0 Maces & Flails
 + Level 4.6 Polearms
 + Level 1.0 Staves
 + Level 1.0 Slings
 + Level 1.0 Bows
 + Level 1.0 Crossbows
 + Level 1.0 Throwing
 + Level 2.7 Armour
 + Level 4.6 Dodging
 + Level 1.0 Stealth
 + Level 1.0 Shields
 + Level 1.0 Unarmed Combat
 + Level 5.0 Spellcasting
 + Level 1.0 Conjurations
 + Level 1.0 Hexes
 + Level 6.5 Charms
 + Level 1.0 Summonings
 + Level 1.0 Necromancy
 + Level 1.0 Translocations
 + Level 1.0 Transmutations
 + Level 1.0 Fire Magic
 + Level 1.0 Ice Magic
 + Level 1.0 Air Magic
 + Level 1.0 Earth Magic
 + Level 1.0 Poison Magic
 + Level 1.0 Invocations
 + Level 1.0 Evocations


You had 12 spell levels left.
You knew the following spells:

 Your Spells              Type           Power        Failure   Level  Hunger
a - Infusion              Chrm           ####         1%          1    None


Dungeon Overview and Level Annotations

Branches:
Dungeon (2/15)

Altars:


Innate Abilities, Weirdness & Mutations

Your experience applies equally to all skills.
You have very sharp teeth.
Your uncanny sense of smell can sniff out nearby items.


Message History

The gnoll shouts!
You hear a shout!
Found a scroll labeled VYEDEO NIEF and a scroll labeled ONTIWUGIFU. 2 gnolls come into view.
You are no longer magically infusing your attacks.
Found a fizzy amethyst potion.
A gnoll comes into view.
* * * LOW HITPOINT WARNING * * *
You feel sick.
You flicker for a moment.
The gnoll shouts!
A bat comes into view.
The bat moves out of view.
Found a scroll labeled TIGEAT NAIJOU.
A quokka comes into view.
* * * LOW HITPOINT WARNING * * *
You feel sick.
You see here a fizzy amethyst potion.
h - a fizzy amethyst potion The bat hits you.
You die...

∆ ..rg.. .. .?.
..gg# . . .... ##r..
. .. ....# #..g#
.#..?
.....###.#g##...?.∆
..................
....#..........###
......b..#.#####
#...#.@##.##### ...
.......###.....##...
.###... #......#....
##..# #.#...<.....
....###.#.....#...
####...........##
...........?..##
##........$....##
#............$..#


You could see 4 gnolls, a bat and a rat (wandering).

Vanquished Creatures
  A worker ant (D:2)
  A gnoll (D:1)
  2 dart slugs (D:1)
  A leopard gecko (D:1)
  A giant cockroach (D:1)
  3 goblins (D:1)
  3 hobgoblins (D:1)
  2 jackals (D:1)
  5 bats (D:1)
  A frilled lizard (D:1)
  5 kobolds (D:1)
  3 rats (D:1)
28 creatures vanquished.

Notes
Turn   | Place    | Note
-------+----------+-------------------------------------------
     0 | D:1      | Softman25 the Gnoll Skald began the quest for the Orb.
     0 | D:1      | Reached XP level 1. HP: 20/20 MP: 6/6
   116 | D:1      | Reached XP level 2. HP: 24/26 MP: 7/7
   274 | D:1      | Reached skill level 5 in Spellcasting
   274 | D:1      | Reached XP level 3. HP: 17/31 MP: 0/9
   985 | D:2      | Reached skill level 1 in Short Blades
   985 | D:2      | Reached skill level 1 in Long Blades
   985 | D:2      | Reached skill level 1 in Axes
   985 | D:2      | Reached skill level 1 in Maces & Flails
   985 | D:2      | Reached skill level 1 in Staves
   985 | D:2      | Reached skill level 1 in Slings
   985 | D:2      | Reached skill level 1 in Bows
   985 | D:2      | Reached skill level 1 in Crossbows
   985 | D:2      | Reached skill level 1 in Throwing
   985 | D:2      | Reached skill level 1 in Stealth
   985 | D:2      | Reached skill level 1 in Shields
   985 | D:2      | Reached skill level 1 in Unarmed Combat
   985 | D:2      | Reached skill level 1 in Conjurations
   985 | D:2      | Reached skill level 1 in Hexes
   985 | D:2      | Reached skill level 1 in Summonings
   985 | D:2      | Reached skill level 1 in Necromancy
   985 | D:2      | Reached skill level 1 in Translocations
   985 | D:2      | Reached skill level 1 in Transmutations
   985 | D:2      | Reached skill level 1 in Fire Magic
   985 | D:2      | Reached skill level 1 in Ice Magic
   985 | D:2      | Reached skill level 1 in Air Magic
   985 | D:2      | Reached skill level 1 in Earth Magic
   985 | D:2      | Reached skill level 1 in Poison Magic
   985 | D:2      | Reached skill level 1 in Invocations
   985 | D:2      | Reached skill level 1 in Evocations
   985 | D:2      | Reached XP level 4. HP: 15/38 MP: 6/11
  1001 | D:2      | HP: 1/38 [poisoned by a worker ant]
  1005 | D:2      | Slain by a bat

Vault maps used:
D:1:      roderic_crossed_star, minmay_hexomino_u4
D:2:      lemuel_coloured_pillars_altar, first_bread

Skill      XL: |  1  2  3 |
---------------+----------+-----
Spellcasting   | 5 |  5.0
Short Blades   | 1 |  1.0
Long Blades    | 1 |  1.0
Axes           | 1 |  1.0
Maces & Flails | 1 |  1.0
Staves         | 1 |  1.0
Slings         | 1 |  1.0
Bows           | 1 |  1.0
Crossbows      | 1 |  1.0
Throwing       | 1 |  1.0
Stealth        | 1 |  1.0
Shields        | 1 |  1.0
Unarmed Combat | 1 |  1.0
Conjurations   | 1 |  1.0
Hexes          | 1 |  1.0
Summonings     | 1 |  1.0
Necromancy     | 1 |  1.0
Translocations | 1 |  1.0
Transmutations | 1 |  1.0
Fire Magic     | 1 |  1.0
Ice Magic      | 1 |  1.0
Air Magic      | 1 |  1.0
Earth Magic    | 1 |  1.0
Poison Magic   | 1 |  1.0
Invocations    | 1 |  1.0
Evocations     | 1 |  1.0
Fighting       | |  4.6
Polearms       | |  4.6
Armour         | |  2.7
Dodging        | |  4.6
Charms         | |  6.5

Action                   |  1- 3 |  4- 6 || total
-------------------------+-------+-------++-------
Melee: Spear             |   109 |       ||   109
       Bite              |     5 |       ||     5
 Cast: Infusion          |     2 |       ||     2
  Use: Potion            |       |     2 ||     2
 Stab: Sleeping          |     3 |       ||     3
Armor: Leather armour    |    18 |       ||    18
Dodge: Dodged            |    52 |       ||    52
Block: Buckler           |     5 |       ||     5

Table legend:
 A = Spawn XP
 B = Non-spawn XP
 C = Spawn XP percentage of total XP
 D = Spawn monster count
 E = Non-spawn monster count
 F = Spawn count percentage of total count
 G = Total turns spent on level
                    A         B        C        D         E        F      G
               +---------+---------+-------+---------+---------+-------+---------
         Total |       0 |      93 |   0.0 |       0 |      28 |   0.0 |  1005
               +---------+---------+-------+---------+---------+-------+---------
           D:1 |       0 |      59 |   0.0 |       0 |      27 |   0.0 |   971
           D:2 |       0 |      34 |   0.0 |       0 |       1 |   0.0 |    34
               +---------+---------+-------+---------+---------+-------+---------
